AoeStats
← 青山新雨 夜观星河

Arena

508201886Analyzed
4v4 RM · 12d ago on Sep 21, 2026· 40m 34s· 8 players
Game mode
Random Map
Map size
Large (8 player)
Population
200
Speed
Normal
Resources
Standard
Victory
Conquest
Starting age
Dark Age
Ending age
Imperial Age
RankedLock teamsTeams togetherTeam positionsShared explorationLock speedFull tech treeHidden civsTurbo modeCheats
Victory
Defeat
🇬🇧 Saracens · United Kingdom
1216
+15
🇭🇰 Magyars · Hong Kong SAR China
1176
+17
🇸🇪 Saracens · Sweden
1173
+17
🇪🇸 Bohemians · Spain
1129
+18
🇮🇳 Chinese · India
1241
-19
🇻🇳 Vikings · Vietnam
1199
-17
🇹🇼 Slavs · Taiwan
1177
-16
1138
-15
Hans Solo
10:22 Feudal Age
16:32 Castle Age
14:41 Double-Bit Axe
15:07 Horse Collar
17:39 Bow Saw
23:25 Heavy Plow
24:18 Forging
25:08 Scale Barding Armor
25:00 Gold Mining
25:03 Stone Mining
26:56 Gold Shaft Mining
27:23 Iron Casting
29:08 Chain Barding Armor
29:51 Wheelbarrow
31:36 Hand Cart
34:35 Imperial Age
32:14 Husbandry
33:13 Bloodlines
32:54 Loom
32:55 Town Watch
32:49 Light Cavalry
34:39 Town Patrol
34:39 Elite Mameluke
35:41 Conscription
36:25 Blast Furnace
35:49 Hussar
37:20 Plate Barding Armor
Ultimate_Boredom
5:00 Loom
12:51 Feudal Age
16:44 Castle Age
14:34 Double-Bit Axe
14:41 Horse Collar
15:57 Gold Mining
15:58 Stone Mining
19:23 Bow Saw
19:46 Heavy Plow
25:20 Town Watch
26:46 Fletching
27:34 Wheelbarrow
28:17 Gold Shaft Mining
28:30 Bloodlines
31:35 Imperial Age
29:17 Husbandry
29:57 Forging
29:53 Scale Barding Armor
30:14 Ballistics
29:38 Treadmill Crane
30:12 Masonry
31:08 Hand Cart
32:00 Iron Casting
32:14 Bodkin Arrow
32:42 Chain Barding Armor
33:04 Conscription
33:52 Hoardings
32:57 Elite Mameluke
34:43 Plate Barding Armor
35:02 Conscription
35:46 Blast Furnace
35:53 Fortified Wall
36:38 Conscription
36:29 Town Patrol
37:22 Bodkin Arrow
38:35 Chemistry
37:56 Ballistics
37:32 Murder Holes
37:44 Siege Engineers
40:03 Counterweights
40:56 Bracer
Mr.wang
11:21 Feudal Age
10:51 Loom
16:56 Castle Age
14:57 Stone Mining
16:06 Double-Bit Axe
20:53 Horse Collar
24:55 Wheelbarrow
25:24 Bloodlines
27:19 Bow Saw
27:50 Scale Barding Armor
28:35 Heavy Plow
30:40 Gold Mining
32:01 Gold Shaft Mining
35:51 Imperial Age
37:03 Conscription
36:50 Light Cavalry
38:57 Crop Rotation
40:54 Corvinian Army
41:15 Conscription
41:28 Chain Barding Armor
41:13 Husbandry
Agapito di Sousa
11:37 Feudal Age
12:47 Loom
15:44 Castle Age
14:42 Double-Bit Axe
16:45 Fletching
19:28 Town Watch
27:05 Wheelbarrow
26:55 Bow Saw
26:30 Horse Collar
33:07 Imperial Age
31:22 Bodkin Arrow
32:53 Chemistry
32:46 Heavy Plow
33:58 Hand Cart
34:46 Bracer
35:12 Scale Mail Armor
37:32 Two-Man Saw
39:40 Padded Archer Armor
41:19 Wagenburg Tactics
john_weak
0:27 Loom
10:54 Feudal Age
14:56 Castle Age
13:29 Double-Bit Axe
14:27 Horse Collar
16:45 Heavy Plow
23:08 Bow Saw
23:57 Gold Mining
25:20 Wheelbarrow
29:17 Imperial Age
27:51 Fletching
28:43 Bodkin Arrow
29:30 Hand Cart
29:23 Padded Archer Armor
30:12 Bracer
31:18 Conscription
32:04 Leather Archer Armor
33:26 Thumb Ring
33:52 Ring Archer Armor
32:52 Elite Chu Ko Nu
34:32 Ballistics
34:27 Town Watch
34:58 Stone Mining
36:37 Chemistry
37:01 Fortified Wall
韓國魚
12:25 Feudal Age
16:53 Castle Age
15:10 Double-Bit Axe
15:50 Horse Collar
18:36 Bow Saw
18:51 Heavy Plow
24:00 Wheelbarrow
23:55 Loom
24:08 Gold Mining
25:16 Hand Cart
SkyBlue$
11:14 Feudal Age
14:56 Castle Age
13:05 Double-Bit Axe
13:25 Horse Collar
17:25 Bow Saw
青山新雨 夜观星河
11:07 Feudal Age
11:09 Loom
15:08 Castle Age
13:10 Horse Collar
14:28 Double-Bit Axe
22:08 Heavy Plow
22:21 Bow Saw
25:39 Wheelbarrow
25:20 Bloodlines
27:35 Gold Mining
30:39 Imperial Age
31:15 Heavy Camel Rider
33:04 Ballistics
33:23 Scale Barding Armor
33:43 Conscription
34:21 Husbandry
33:42 Imperial Camel Rider
35:02 Hand Cart
Connection lost

Rejoining the realm…

Still unreachable

The connection could not be restored.

Session expired

The server has moved on; the page needs a fresh start.